 Dungeon Crawl Stone Soup version 0.20-a0-947-g2784f4f (webtiles) character file.

90 Da5id the Insei (level 4, -5/23 HPs)
             Began as a Vine Stalker Gladiator on Apr 3, 2017.
             Slain by a gnoll
             ... wielding a +0 spear
              (7 damage)
             ... on level 2 of the Dungeon.
             The game lasted 00:02:19 (1875 turns).

Da5id the Insei (Vine Stalker Gladiator)            Turns: 1875, Time: 00:02:20

Health: -5/23      AC:  4    Str: 16    XL:     4   Next: 56%
Magic:  0/5        EV: 12    Int:  9    God:
Gold:   92         SH:  0    Dex: 16    Spells: 3/3 levels left

rFire    . . .     SeeInvis .     - Unarmed
rCold    . . .     Gourm    .   (no shield)
rNeg     . . .     Faith    .   a - +0 leather armour
rPois    .         Spirit   +   b - +0 helmet
rElec    .         Reflect  .   (no cloak)
rCorr    .         Harm     .   (no gloves)
MR       .....                  (no boots)
Stlth    +.........             (no amulet)
Regen    0.5/turn               (no ring)
MPRegen  0.1/turn               (no ring)

@: no status effects
A: fangs 2, regeneration 1, magic shield, antimagic bite, no potion heal 3, rot
immunity
a: no special abilities


You were on level 2 of the Dungeon.
You were not hungry.

You visited 1 branch of the dungeon, and saw 2 of its levels.

You collected 92 gold pieces.

Inventory:

Missiles
 c - 3 throwing nets (quivered)
Armour
 a - a +0 leather armour (worn)
 b - a +0 helmet (worn)
 l - a +2 pair of boots
Scrolls
 e - a scroll of remove curse {unknown}
 f - a scroll of enchant weapon {unknown}
 h - 2 scrolls of noise {unknown}
 i - 3 scrolls of fear {unknown}
 j - a scroll of teleportation {unknown}
 k - a scroll of enchant armour {unknown}
Comestibles
 d - 4 bread rations
 g - 2 royal jellies
 m - a chunk of flesh


   Skills:
 - Level 1.7 Fighting
 - Level 1.7 Throwing
 - Level 2.4 Dodging
 + Level 5.2 Unarmed Combat


You had 3 spell levels left.
You didn't know any spells.

Dungeon Overview and Level Annotations

Branches:
Dungeon (2/15)

Altars:


Innate Abilities, Weirdness & Mutations

You have extremely sharp teeth.
Your natural rate of healing is unusually fast.
When hurt, damage is shared between your health and your magic reserves.
Your bite disrupts and absorbs the magic of your enemies.
Potions cannot restore your health.
You are immune to rotting.


Message History

* * * LOW HITPOINT WARNING * * *
You punch the gnoll! Your bite misses the gnoll.
The gnoll is heavily wounded.
A giant cockroach comes into view.
You closely miss the gnoll. You punch the gnoll.
The gnoll is severely wounded.
The gnoll hits you but does no damage.
The gnoll hits you from afar with a spear.
You hit the gnoll.
You kill the gnoll!
The gnoll closely misses you. The gnoll hits you with a spear.
* * * LOW HITPOINT WARNING * * *
You see here a halberd.
You punch the gnoll! You bite the gnoll, but do no damage.
The gnoll is heavily wounded.
You hit the gnoll.
The gnoll is severely wounded.
The gnoll hits you with a spear!
You die...

#.##.#....#.#
#.##.####.#.#
#.##......#.# #########
#.##..#####.# #........
#.##..# #.#####........
#.##..# #....>(........
#.##..###########........
#.##.......... #........
#.##.########## #@......(
#.##.# #......# #g####.##
#.##.# #.####.# #s. .#
#.##.# #.####.# #... #
#.##.# #.#....# #....
#.##.# #.#.#### #.....
..##.# #.#....# ###....
####.# #.####.# #####
.....###.# #.#


You could see a gnoll and a giant cockroach.

Vanquished Creatures
  2 gnolls (D:2)
  3 adders (D:2)
  An ooze (D:1)
  A dart slug (D:2)
  3 goblins
  3 hobgoblins
  3 jackals (D:1)
  8 kobolds
  A ball python (D:2)
  4 bats
  3 frilled lizards
  10 rats
42 creatures vanquished.

Notes
Turn   | Place    | Note
-------+----------+-------------------------------------------
     0 | D:1      | Da5id the Vine Stalker Gladiator began the quest for the Orb.
     0 | D:1      | Reached XP level 1. HP: 11/11 MP: 2/2
    66 | D:1      | Reached XP level 2. HP: 13/15 MP: 3/3
   497 | D:1      | Reached skill level 4 in Unarmed Combat
   560 | D:1      | Reached XP level 3. HP: 18/18 MP: 4/4
  1479 | D:2      | Gained mutation: Your natural rate of healing is unusually fast. [Vine Stalker growth]
  1479 | D:2      | Reached XP level 4. HP: 15/23 MP: 3/5
  1867 | D:2      | HP: 1/23 [gnoll/halberd (10)]
  1869 | D:2      | Reached skill level 5 in Unarmed Combat
  1875 | D:2      | Slain by a gnoll

Vault maps used:
D:1:      saegor_arrival_simple_e
D:2:      first_bread, nrook_loot_triangle

Skill      XL: |  1  2  3  4 |
---------------+-------------+-----
Unarmed Combat | 4 5 |  5.2
Fighting       | |  1.7
Throwing       | |  1.7
Dodging        | |  2.4

Action                   |  1- 3 |  4- 6 || total
-------------------------+-------+-------++-------
Melee: Unarmed           |    90 |    23 ||   113
       Bite              |    19 |     4 ||    23
       Punch             |     2 |     1 ||     3
 Stab: Sleeping          |     1 |       ||     1
  Eat: Chunk             |     2 |     1 ||     3
Armor: Leather armour    |    21 |     6 ||    27
Dodge: Dodged            |    60 |     9 ||    69
